cohdb
Replays
Latest Replays
All Replays
Popular Replays
Top Player Replays
Match Explorer
How It Works
Community
CoH3 Stats
Reddit
Sign in to upload your games and track your stats! →
Sign in with Steam
Match 42618666
Unlisted
Match 42618666
Overview
Messages
Build Orders
End
Construct Barracks
Riflemen Squad
Riflemen Squad
Grenade Package
Riflemen Squad
M1 Mortar Team
Air Support Center
Grasshopper Recon Run
Riflemen Squad
M1918 Browning Automatic Rifles
Grasshopper Recon Run
Construct Weapon Support Center
M3 Armored Personnel Carrier
Grasshopper Recon Run
P-47 Strafing Run
Construct Tank Depot
Crow
JDG
Flankenheinz
PMC
Monsieur Nathan
DangerouslyDumb
Right Click God
Komrad Dyatlov
0
0
Comments
sign in to comment!
No comments posted yet!